 Dungeon Crawl Stone Soup version 0.19-b1-3-g7dea586 (webtiles) character file.

401 McCoppin the Skirmisher (level 7, -12/61 HPs)
             Began as a Formicid Hunter on Oct 29, 2016.
             Mangled by Crazy Yiuf
             ... wielding a +4 quarterstaff of chaos
              (14 damage)
             ... on level 3 of the Dungeon.
             The game lasted 00:07:35 (2842 turns).

McCoppin the Skirmisher (Formicid Hunter)           Turns: 2842, Time: 00:07:35

Health: -12/61     AC:  5    Str: 19    XL:     7   Next: 11%
Magic:  7/7        EV: 12    Int: 10    God:
Gold:   211        SH:  0    Dex: 11    Spells: 0 memorised, 6 levels left

rFire  . . .     SeeInvis +     b - +0 short sword
rCold  . . .     Gourm    .     e - +2 leather armour {rN+}
rNeg   + . .     Faith    .     (no shield)
rPois  .         Spirit   .     (helmet unavailable)
rElec  .         Reflect  .     (no cloak)
rCorr  .         Harm     .     (no gloves)
MR     .....                    (no boots)
Stlth  ++........               (no amulet)
                                (no ring)
                                l - ring of stealth

@: no status effects
A: permanent stasis, dig shafts and tunnels, four strong arms, antennae 3
a: Dig, Shaft Self


You were on level 3 of the Dungeon.
You were not hungry.

You visited 1 branch of the dungeon, and saw 3 of its levels.

You collected 211 gold pieces.

Inventory:

Hand Weapons
 a - a +1 hand crossbow
 b - a +0 short sword (weapon)
Armour
 c - a +0 leather armour
 e - a +2 leather armour of positive energy (worn)
Jewellery
 l - a ring of stealth (left hand)
Wands
 q - a wand of iceblast (10/15)
Scrolls
 g - a scroll of fog {unknown}
 h - 2 scrolls of enchant weapon {unknown}
 j - 3 scrolls of amnesia {unknown}
 k - 3 scrolls of teleportation {unknown}
 m - a scroll of noise {unknown}
 n - a scroll of remove curse {unknown}
 o - a scroll of identify {unknown}
 p - 3 scrolls of recharging {unknown}
 r - a scroll of blinking {unknown}
 t - a scroll of fear {unknown}
 w - 2 scrolls of immolation {unknown}
 x - a scroll of random uselessness {unknown}
Potions
 v - a potion of resistance
Comestibles
 f - a bread ration
 i - 2 meat rations


   Skills:
 + Level 7.8 Fighting
 - Level 4.0 Crossbows
 - Level 1.7 Dodging
 - Level 1.2 Stealth


You had 6 spell levels left.
You didn't know any spells.

Dungeon Overview and Level Annotations

Branches:
Dungeon (3/15)

Altars:

Annotations:
D:3 Crazy Yiuf


Innate Abilities, Weirdness & Mutations

You are under a permanent stasis effect.
You can dig through walls and to a lower floor.
Your four strong arms can wield two-handed weapons with a shield.
You have a pair of large antennae on your head. (SInv)


Message History

* * * LOW HITPOINT WARNING * * *
Your stasis keeps you stable.
You hit Crazy Yiuf.
Crazy Yiuf is moderately wounded.
Crazy Yiuf hits you with a quarterstaff of chaos.
* * * LOW HITPOINT WARNING * * *
Crazy Yiuf burns you.
* * * LOW HITPOINT WARNING * * *
It was a potion of cancellation.
You feel magically purged.
Crazy Yiuf grits, "Cholesterol mumblescurry pontify!"
Crazy Yiuf hits you with a quarterstaff of chaos.
* * * LOW HITPOINT WARNING * * *
You are electrocuted!
* * * LOW HITPOINT WARNING * * *
It was a potion of berserk rage.
You cannot go berserk while under stasis.
Crazy Yiuf misses you.
It was a potion of cure mutation.
It has a very clean taste.
Crazy Yiuf hits you with a quarterstaff of chaos!
You die...

#.# #.##...###### #.#.... #.#
#.###.......# #.####. #.# #.#
#.#####.# #.# #. #.# ### ### ###
#.# #. #.# #.# #. #.# #.# #.
##.## ### ######.# #. ....#
#)..### ##.#..#.# #. .#.###
#(.(g@####.......# #. .###.##
#...##..#........# #. .##.#.##
### ###.#..#.##.# #) ...###.##
#########.# #. #.## ##.## #.# #.
.## ##.## ### ##########.####.
#.## ##.#.####.###...............
##.###.##.##....................<
###.#...........#...#.#####.#####


You could see Crazy Yiuf.

Vanquished Creatures
  Grinder (D:3)
  A bullfrog skeleton (D:3)
  4 gnolls
  5 adders (D:2)
  An ooze (D:1)
  5 worms
  3 dart slugs
  2 leopard geckos
  2 giant cockroaches
  10 goblins
  10 hobgoblins
  7 jackals
  A quokka (D:2)
  A ball python (D:3)
  6 bats
  6 frilled lizards
  8 kobolds
  4 rats
77 creatures vanquished.

Notes
Turn   | Place    | Note
-------+----------+-------------------------------------------
     0 | D:1      | McCoppin the Formicid Hunter began the quest for the Orb.
     0 | D:1      | Reached XP level 1. HP: 16/16 MP: 1/1
    73 | D:1      | Reached XP level 2. HP: 14/23 MP: 2/2
    86 | D:1      | Reached skill level 3 in Fighting
   186 | D:1      | Reached XP level 3. HP: 29/29 MP: 3/3
   560 | D:1      | Reached skill level 4 in Fighting
   891 | D:2      | Reached XP level 4. HP: 38/38 MP: 4/4
  1278 | D:2      | Reached skill level 5 in Fighting
  1283 | D:2      | Reached XP level 5. HP: 37/44 MP: 5/5
  1915 | D:2      | Reached skill level 6 in Fighting
  2286 | D:3      | Reached XP level 6. HP: 51/53 MP: 6/6
  2472 | D:3      | Noticed Grinder
  2485 | D:3      | Killed Grinder
  2485 | D:3      | Reached skill level 7 in Fighting
  2485 | D:3      | Reached XP level 7. HP: 54/61 MP: 7/7
  2804 | D:3      | Found a runed door.
  2827 | D:3      | Noticed Crazy Yiuf
  2840 | D:3      | HP: 1/61 [Crazy Yiuf/quarterstaff of chaos (9)]
  2842 | D:3      | Mangled by Crazy Yiuf

Skill      XL: |  1  2  3  4  5  6 |
---------------+-------------------+-----
Fighting       | 3 4 5 6 7 |  7.8
Crossbows      | |  4.0
Dodging        | |  1.7
Stealth        | |  1.2

Action                   |  1- 3 |  4- 6 |  7- 9 || total
-------------------------+-------+-------+-------++-------
Melee: Short sword       |    84 |     5 |     3 ||    92
 Fire: Hand crossbow     |    31 |   121 |    10 ||   162
 Abil: Dig               |       |     2 |       ||     2
  Use: Potion            |       |     1 |     3 ||     4
  Eat: Chunk             |       |     3 |       ||     3
       Pizza             |       |     1 |       ||     1
       Beef jerky        |       |       |     1 ||     1
Armor: Leather armour    |    43 |    16 |     1 ||    60
Dodge: Dodged            |    72 |    46 |     4 ||   122
